 Dungeon Crawl Stone Soup version 0.19.0 (webtiles) character file.

728 CanadianGator the Bolt Thrower (level 8, -3/48 HPs)
             Began as a Kobold Hunter on Nov 21, 2016.
             Was an Initiate of Trog.
             Slain by an orc warrior
             ... wielding a +0 trident
              (7 damage)
             ... on level 6 of the Dungeon.
             The game lasted 00:25:26 (4806 turns).

CanadianGator the Bolt Thrower (Kobold Hunter)      Turns: 4806, Time: 00:25:27

Health: -3/48      AC:  6    Str:  9    XL:     8   Next: 3%
Magic:  8/8        EV: 26    Int: 12    God:    Trog [......]
Gold:   322        SH:  0    Dex: 23    Spells: 0 memorised, 7 levels left

rFire  . . .     SeeInvis .     s - +0 rapier
rCold  . . .     Gourm    .     c - +0 leather armour
rNeg   . . .     Faith    .     (shield restricted)
rPois  +         Spirit   .     (no helmet)
rElec  .         Reflect  .     r - +0 cloak
rCorr  .         Harm     .     (no gloves)
MR     .....     Rnd*Rage +     (no boots)
Stlth  ++++......               (no amulet)
                                j - ring of poison resistance
                                q - +2 ring of evasion

@: agile
A: fangs 1, iridescent scales 1, berserk 1, carnivore 3
a: Burn Spellbooks, Renounce Religion


You were on level 6 of the Dungeon.
You worshipped Trog.
Trog was noncommittal.
You were full.

You visited 1 branch of the dungeon, and saw 6 of its levels.

You collected 322 gold pieces.

Inventory:

Hand Weapons
 a - a +1 hand crossbow
 b - a +0 short sword
 s - a +0 rapier (weapon)
Missiles
 d - 94 bolts
Armour
 c - a +0 leather armour (worn)
 r - a +0 cloak (worn)
Jewellery
 j - a ring of poison resistance (right hand)
 p - an uncursed ring of fire
 q - a +2 ring of evasion (left hand)
 v - an uncursed ring of protection from cold
Wands
 e - a wand of teleportation (4/9)
Scrolls
 g - a scroll of identify
 h - a scroll of teleportation
 k - a scroll of fog
 l - 2 scrolls of remove curse
 o - 2 scrolls of fear
 t - a scroll of amnesia
 w - a scroll of blinking
Potions
 u - a potion of agility
 x - a potion of resistance {unknown}
Comestibles
 f - 5 meat rations
 i - a beef jerky
 m - a royal jelly
 n - a slice of pizza


   Skills:
 + Level 3.8 Fighting
 * Level 5.0 Short Blades
 + Level 6.2 Crossbows
 * Level 5.7 Dodging
 * Level 5.1 Stealth


You had 7 spell levels left.
You didn't know any spells.

Dungeon Overview and Level Annotations

Branches:
Dungeon (6/15)             Temple (0/1) D:4

Altars:
Cheibriados
Dithmenos
Fedhas
Gozag
Hepliaklqana
Kikubaaqudgha
Nemelex Xobeh
Ru
Trog
Uskayaw
Vehumet
The Shining One

Shops:
D:5 !


Innate Abilities, Weirdness & Mutations

You are small and have problems with some larger weapons.
You are carnivorous and can eat meat at any time.
You have very sharp teeth.
You are partially covered in iridescent scales. (AC +2)
You tend to lose your temper in combat.


Message History

The orc wizard casts a cantrip, but nothing happens.
The ogre completely misses you.
The orc wizard gestures wildly while chanting.
The orc warrior hits you but does no damage.
You puncture the ogre!
The ogre is heavily wounded.
The orc wizard looks satisfied for a moment.
The ogre completely misses you.
You completely miss the ogre.
The ogre is heavily wounded.
The orc warrior completely misses you.
You barely miss the ogre.
The ogre is heavily wounded.
The orc warrior completely misses you. The ogre hits you with a giant club!!
* * * LOW HITPOINT WARNING * * *
You barely miss the ogre. You bite the ogre, but do no damage.
The ogre is heavily wounded.
The orc wizard gestures wildly while chanting.
The orc warrior hits you from afar with a trident!
You die...

########## #..§§§§§.#
. #..§§§§§§# ..
#..§§@§§.#
...############O######
.........o....ooo....#
....o.........oo.....#
.................<...#
....[.%...>..........#
.....................#
.....................#
........[............#


You could see an orc warrior, an ogre and an orc wizard.

Vanquished Creatures
  A phantom (D:5)
  An ogre (D:5)
  A scorpion (D:4)
  2 crimson imps (D:5)
  A jelly (D:5)
  3 hounds (D:4)
  2 orc wizards
  2 worker ants
  A hound skeleton (D:4)
  10 adders
  An ooze (D:1)
  2 adder skeletons (D:4)
  4 worms
  A dart slug (D:3)
  4 leopard geckos
  9 orcs
  8 bats
  4 giant cockroaches
  4 hobgoblins
  7 jackals
  7 kobolds
  A quokka (D:3)
  4 frilled lizards
  6 goblins
  A jackal skeleton (D:5)
  11 rats
98 creatures vanquished.

Notes
Turn   | Place    | Note
-------+----------+-------------------------------------------
     0 | D:1      | CanadianGator the Kobold Hunter began the quest for the Orb.
     0 | D:1      | Reached XP level 1. HP: 12/12 MP: 1/1
   151 | D:1      | Reached skill level 5 in Crossbows
   151 | D:1      | Reached XP level 2. HP: 17/17 MP: 2/2
   632 | D:2      | Found a radiant altar of Vehumet.
   651 | D:2      | Found a blossoming altar of Fedhas.
   661 | D:2      | Reached XP level 3. HP: 21/22 MP: 3/3
   798 | D:2      | Reached skill level 1 in Short Blades
   854 | D:2      | Reached XP level 4. HP: 22/27 MP: 4/4
  1364 | D:3      | Found a hide-covered altar of Uskayaw.
  1436 | D:3      | Found a glowing golden altar of the Shining One.
  1477 | D:3      | Reached XP level 5. HP: 12/31 MP: 5/5
  1714 | D:3      | Found a hazy altar of Hepliaklqana.
  1812 | D:3      | Found a sacrificial altar of Ru.
  1820 | D:3      | Found an ancient bone altar of Kikubaaqudgha.
  1824 | D:3      | Became a worshipper of Ru the Awakened
  2384 | D:3      | Found a shadowy altar of Dithmenos.
  2730 | D:4      | Reached XP level 6. HP: 26/37 MP: 6/6
  2899 | D:4      | Found a staircase to the Ecumenical Temple.
  2978 | D:4      | Gained mutation: You tend to lose your temper in combat. [potion of mutation]
  2978 | D:4      | Gained mutation: You are partially covered in iridescent scales. (AC +2) [potion of mutation]
  2978 | D:4      | Gained mutation: You have very sharp teeth. [potion of mutation]
  3154 | D:4      | Found a sparkling altar of Nemelex Xobeh.
  3155 | D:4      | Found an opulent altar of Gozag.
  3180 | D:4      | Reached skill level 5 in Dodging
  3180 | D:4      | Reached XP level 7. HP: 23/41 MP: 7/7
  3463 | D:4      | Noticed a yak
  3506 | D:5      | Entered Level 5 of the Dungeon
  3570 | D:5      | Found Yriav's Distillery.
  3577 | D:5      | Found a snail-covered altar of Cheibriados.
  3799 | D:5      | Reached skill level 6 in Crossbows
  3946 | D:5      | Noticed a moth of wrath
  3948 | D:5      | Found a bloodstained altar of Trog.
  4396 | D:5      | Reached skill level 5 in Short Blades
  4396 | D:5      | Reached skill level 5 in Stealth
  4396 | D:5      | Reached XP level 8. HP: 27/48 MP: 8/8
  4591 | D:5      | Fell from the grace of Ru
  4591 | D:5      | Became a worshipper of Trog the Wrathful
  4806 | D:6      | Slain by an orc warrior

Skill      XL: |  1  2  3  4  5  6  7 |
---------------+----------------------+-----
Crossbows      | 5 6 |  6.2
Stealth        | 2 3 4 5 |  5.1
Short Blades   | 1 2 3 5 |  5.0
Dodging        | 3 4 5 |  5.7
Fighting       | 3 |  3.8

Action                   |  1- 3 |  4- 6 |  7- 9 || total
-------------------------+-------+-------+-------++-------
Melee: Short sword       |    47 |   105 |       ||   152
       Rapier            |       |   118 |   120 ||   238
       Hand crossbow     |       |     2 |       ||     2
       Bite              |       |     5 |    18 ||    23
 Fire: Hand crossbow     |    37 |    69 |    41 ||   147
Invok: Reject Sacrifices |       |       |     1 ||     1
  Use: Scroll            |       |     6 |     6 ||    12
       Potion            |       |     4 |     1 ||     5
 Stab: Sleeping          |       |     2 |       ||     2
  Eat: Chunk             |     8 |     7 |     3 ||    18
Armor: Leather armour    |    11 |    35 |    13 ||    59
Dodge: Dodged            |    44 |   241 |   107 ||   392
